 Dungeon Crawl Stone Soup version 0.21.1-1-g345015f (webtiles) character file.

133 MMS21 the Slasher (level 5, -2/42 HPs)
             Began as a Human Berserker on Apr 16, 2018.
             Was a Believer of Trog.
             Slain by an orc wizard
             ... wielding a +0 dagger
              (4 damage)
             ... on level 3 of the Dungeon.
             The game lasted 00:12:31 (3519 turns).

MMS21 the Slasher (Human Berserker)                 Turns: 3519, Time: 00:12:31

Health: -2/42      AC:  6    Str: 19    XL:     5   Next: 40%
Magic:  5/5        EV: 12    Int:  7    God:    Trog [**....]
Gold:   160        SH:  0    Dex: 12    Spells: 4/4 levels left

rFire    . . .     SeeInvis .   a - +0 falchion
rCold    . . .     Gourm    .   (no shield)
rNeg     . . .     Faith    .   j - +0 ring mail
rPois    .         Spirit   .   (no helmet)
rElec    .         Reflect  .   (no cloak)
rCorr    .         Harm     .   g - +0 pair of gloves
MR       .....                  (no boots)
Stlth    +.........             (no amulet)
HPRegen  0.14/turn              (no ring)
MPRegen  0.09/turn              (no ring)

@: no status effects
A: no striking features
a: Berserk, Trog's Hand, Burn Spellbooks, Renounce Religion


You were on level 3 of the Dungeon.
You worshipped Trog.
Trog was pleased with you.
You were not hungry.

You visited 1 branch of the dungeon, and saw 4 of its levels.

You collected 160 gold pieces.

Inventory:

Hand Weapons
 a - a +0 falchion (weapon)
Armour
 b - a +1 animal skin
 g - a +0 pair of gloves (worn)
 j - a +0 ring mail (worn)
Scrolls
 i - 2 scrolls of identify
 k - a scroll of magic mapping {unknown}
 l - a scroll of teleportation
Potions
 d - 3 potions of flight
 e - a potion of resistance {unknown}
 f - a potion of brilliance {unknown}
 h - a potion of heal wounds {unknown}
 m - a potion of curing {unknown}
Comestibles
 c - 5 rations


   Skills:
 + Level 3.7 Fighting
 + Level 4.2 Long Blades
 + Level 2.6 Armour
 + Level 2.8 Dodging
 + Level 1.1 Stealth


You had 4 spell levels left.
You didn't know any spells.

Dungeon Overview and Level Annotations

Branches:
Dungeon (4/15)
 Temple: D:4-7

Altars:
Ru
Trog


Message History

The orc wizard is almost dead.
The orc wizard points at you and mumbles some strange words.
The magic dart hits you!
* * * LOW HITPOINT WARNING * * *
The orc wizard hits you but does no damage.
The orc hits you but does no damage.
You closely miss the orc wizard.
The orc wizard is almost dead.
The orc wizard gestures at you while chanting.
The puff of flame hits you!
* * * LOW HITPOINT WARNING * * *
The orc wizard barely misses you. The orc hits you but does no damage.
You hit the orc wizard.
You kill the orc wizard!
Trog accepts your kill.
Trog appreciates your killing of a magic user.
You hit the orc wizard.
The orc wizard is moderately wounded.
The orc completely misses you. The orc wizard hits you with a dagger.
You die...

.....##...##
##.%. #.#..#
###.##.##.#
#....##.##
#.....#o.##
##.##....<# .
#. ####..##
####... ..
##..####.......
.. #...o@..#
(.... ...
......#o#####
#.... #.#
$####.....
...... ###....
.... ##### ...#
#..## #..# # #
#>###
###.###....


You could see an orc wizard and an orc.

Vanquished Creatures
  An orc wizard (D:3)
  A gnoll (D:1)
  3 adders
  3 worms
  4 dart slugs
  An orc (D:3)
  3 ball pythons
  7 bats
  7 goblins
  8 hobgoblins
  2 jackals (D:2)
  A frilled lizard (D:3)
  7 kobolds
  3 rats (D:2)
51 creatures vanquished.

Notes
Turn   | Place    | Note
-------+----------+-------------------------------------------
     0 | D:1      | MMS21 the Human Berserker began the quest for the Orb.
     0 | D:1      | Reached XP level 1. HP: 18/18 MP: 1/1
   129 | D:1      | Reached XP level 2. HP: 13/24 MP: 2/2
   685 | D:1      | Reached XP level 3. HP: 13/29 MP: 3/3
  1652 | D:2      | Reached XP level 4. HP: 35/35 MP: 4/4
  1925 | D:2      | Found a sacrificial altar of Ru.
  2089 | D:2      | Found a bloodstained altar of Trog.
  2279 | D:2      | Reached skill level 1 in Stealth
  2709 | D:3      | Reached ** piety under Trog
  2743 | D:3      | Reached skill level 4 in Long Blades
  2748 | D:3      | Reached XP level 5. HP: 10/41 MP: 5/5
  3517 | D:3      | HP: 1/41 [orc wizard/puff of flame (7)]
  3519 | D:3      | Slain by an orc wizard

Skill      XL: |  1  2  3  4 |
---------------+-------------+-----
Stealth        | 1 |  1.1
Long Blades    | 4 |  4.2
Fighting       | |  3.7
Armour         | |  2.6
Dodging        | |  2.8

Action                   |  1- 3 |  4- 6 || total
-------------------------+-------+-------++-------
Melee: Falchion          |    74 |   143 ||   217
  Use: Scroll            |     3 |     2 ||     5
 Stab: Sleeping          |     2 |       ||     2
  Eat: Chunk             |     2 |     3 ||     5
       Ration            |       |     1 ||     1
Armor: Animal skin       |    25 |     6 ||    31
       Ring mail         |       |    46 ||    46
Dodge: Dodged            |    60 |    86 ||   146
       Rpst.: Falchion   |    18 |    16 ||    34
